 Dungeon Crawl Stone Soup version 0.24.0-13-gcf9b3192b9 (webtiles) character file.

Game seed: 6131375193193967393, levelgen mode: deterministic

51 Aviak the Covered (level 3, 0/33 HPs)
             Began as a Minotaur Fighter on Nov 9, 2019.
             Slain by Sigmund
             ... wielding a +0 scythe
              (4 damage)
             ... on level 2 of the Dungeon.
             The game lasted 00:00:52 (766 turns).

Aviak the Covered (Minotaur Fighter)                 Turns: 766, Time: 00:00:53

Health: 0/33       AC: 10    Str: 21    XL:     3   Next: 57%
Magic:  2/2        EV:  7    Int:  5    God:
Gold:   25         SH:  9    Dex:  9    Spells: 2/2 levels left

rFire    . . .     SeeInvis .   a - +0 war axe
rCold    . . .     Gourm    .   c - +0 shield
rNeg     . . .     Faith    .   b - +0 scale mail
rPois    .         Spirit   .   (helmet restricted)
rElec    .         Reflect  .   (no cloak)
rCorr    .         Harm     .   l - +2 pair of gloves
MR       .....                  (no boots)
Stlth    ..........             (no amulet)
HPRegen  0.11/turn              (no ring)
MPRegen  0.08/turn              (no ring)

@: no status effects
A: retaliatory headbutt, horns 2
a: no special abilities


You were on level 2 of the Dungeon.
You were not hungry.

You visited 1 branch of the dungeon, and saw 2 of its levels.

You collected 25 gold pieces.

Inventory:

Hand Weapons
 a - a +0 war axe (weapon)
Armour
 b - a +0 scale mail (worn)
 c - a +0 shield (worn)
 l - a +2 pair of gloves (worn)
Jewellery
 e - a +4 ring of slaying {unknown}
Scrolls
 g - 3 scrolls of identify {unknown}
 i - 2 scrolls of remove curse {unknown}
 j - a scroll of fear {unknown}
 m - 3 scrolls of enchant armour {unknown}
 n - a scroll of teleportation {unknown}
Potions
 d - a potion of might
 h - a potion of flight {unknown}
 k - a potion of haste {unknown}
 o - a potion of lignification {unknown}
Comestibles
 f - 2 rations


   Skills:
 + Level 4.2 Fighting
 + Level 3.1 Axes
 + Level 4.2 Armour
 + Level 4.2 Shields


You had 2 spell levels left.
You didn't know any spells.
Your spell library was empty.

Dungeon Overview and Level Annotations

Branches:
Dungeon (2/15)

Altars:
Yredelemnul

Annotations:
D:2 Sigmund


Innate Abilities, Weirdness & Mutations

You reflexively headbutt those who attack you in melee.
You have a pair of horns on your head.


Message History

* * * LOW HITPOINT WARNING * * *
There is a faded altar of an unknown god here.
You completely miss something. You headbutt something.
You block something's attack.
Unknown command.
Press < or > to pray at altars.
You closely miss something. You block something's attack.
Unknown command.
Press < or > to pray at altars.
You completely miss something.
Unknown command.
Press < or > to pray at altars.
You hit something but do no damage. Your headbutt misses something.
You hear some strange, mumbled words.
Something tries to affect you, but you resist.
Something hits you.
* * * LOW HITPOINT WARNING * * *
Your shield prevents you from hitting something.
Something hits you.
You die...

.......)..#
......(...#############
................>.....#
.##############.#####.
.......#..####
.......†††...#
.........#...#
........#.#..#
.......#{@.#.#.#
........#.#....#
.........#..).##
.............%#
......####....# .....
###### .... ####


There were no monsters in sight!

Vanquished Creatures
  A worm (D:2)
  4 dart slugs (D:1)
  3 bats (D:1)
  A giant cockroach (D:2)
  5 goblins (D:1)
  6 hobgoblins
  6 jackals
  A frilled lizard (D:1)
  5 kobolds (D:1)
  4 rats
36 creatures vanquished.

Notes
Turn   | Place    | Note
-------+----------+-------------------------------------------
     0 | D:1      | Aviak the Minotaur Fighter began the quest for the Orb.
     0 | D:1      | Reached XP level 1. HP: 19/19 MP: 0/0
    99 | D:1      | Reached XP level 2. HP: 23/27 MP: 1/1
   217 | D:1      | Reached XP level 3. HP: 33/33 MP: 2/2
   716 | D:2      | Found a basalt altar of Yredelemnul.
   737 | D:2      | Found a faded altar of an unknown god.
   740 | D:2      | Noticed Sigmund
   766 | D:2      | Slain by Sigmund

Levels and vault maps discovered:
D:1:      eino_arrival_cavern_b, layout_basic
D:2:      layout_basic, lemuel_crystal_altar, yredelemnul_altar_generic,
          lemuel_crystal_altar, chequers_ecumenical_altar_simple_redux,
          uniq_sigmund

Skill      XL: |  1  2 |
---------------+-------+-----
Fighting       | 4 |  4.2
Armour         | 4 |  4.2
Shields        | 4 |  4.2
Axes           | 3 |  3.1

Action                   || total
-------------------------++-------
Melee: War axe           ||    72
       Headbutt          ||    15
Armor: Scale mail        ||    19
Dodge: Dodged            ||    31
Block: Shield            ||    38
